 Dungeon Crawl Stone Soup version 0.24.0-13-gcf9b319 (webtiles) character file.

Game seed: 3846397666638079006, levelgen mode: deterministic

621 Ekaitz the Vexing (level 7, -1/51 HPs)
             Began as a Vampire Enchanter on Dec 1, 2019.
             Killed from afar by an orc wizard (5 damage)
             ... with a magic dart
             ... on level 5 of the Dungeon.
             The game lasted 00:17:54 (4282 turns).

Ekaitz the Vexing (Vampire Enchanter)               Turns: 4282, Time: 00:17:54

Health: -1/51      AC:  5    Str: 10 (12) XL:     7   Next: 22%
Magic:  0/11       EV: 16    Int: 15 (18) God:
Gold:   247        SH:  0    Dex: 13 (16) Spells: 1/12 levels left

rFire    . . .     SeeInvis +   n - +0 long sword
rCold    . . .     Gourm    .   (no shield)
rNeg     . . .     Faith    .   v - +1 leather armour {MR+}
rPois    .         Spirit   .   s - +0 helmet
rElec    .         Reflect  .   (no cloak)
rCorr    +         Harm     .   (no gloves)
MR       +....                  (no boots)
Stlth    +++.......             (no amulet)
HPRegen  0.37/turn              g - +4 ring of evasion
MPRegen  0.12/turn              r - ring of resist corrosion

@: mighty, regenerating quickly
A: no food, fangs 3, see invisible, unbreathing
a: Exsanguinate


You were on level 5 of the Dungeon.
You were alive.

You visited 1 branch of the dungeon, and saw 5 of its levels.

You collected 247 gold pieces.

Inventory:

Hand Weapons
 a - a +1 dagger
 n - a +0 long sword (weapon)
 t - a +0 dagger of draining
 A - a +0 arbalest
Missiles
 c - 284 stones
 i - 27 arrows
 l - 59 bolts
 p - 7 poisoned darts (quivered)
 q - 8 boomerangs
 x - 8 curare-tipped darts
 H - 2 javelins
Armour
 s - a +0 helmet (worn)
 v - a +1 leather armour of magic resistance (worn)
 w - a +2 large shield of protection
 I - the +4 scale mail of the Lizard {Dex+2, unknown}
   (You found it on level 5 of the Dungeon)

   It affects your dexterity (+2).
Jewellery
 g - a +4 ring of evasion (left hand)
 m - an uncursed ring of protection from cold
 r - a ring of resist corrosion (right hand)
Wands
 u - a wand of digging (4)
 y - a wand of clouds (8)
 C - a wand of polymorph (7)
Scrolls
 e - 8 scrolls of identify {unknown}
 f - a scroll of immolation {unknown}
 j - 2 scrolls of remove curse {unknown}
 F - a scroll of fog {unknown}
 G - a scroll of fear {unknown}
Potions
 b - 2 potions of cancellation
 d - a potion of curing
 h - a potion of degeneration
 k - a potion of might
 o - a potion of haste {unknown}
 z - a potion of brilliance {unknown}
 B - a potion of mutation {unknown}
 D - 2 potions of magic {unknown}
 E - 2 potions of agility {unknown}


   Skills:
 * Level 2.5 Fighting
 + Level 2.9(3.0) Short Blades
 + Level 0.9(1.9) Long Blades
 + Level 1.0 Armour
 + Level 3.1 Dodging
 - Level 5.0 Stealth
 - Level 3.0 Spellcasting
 * Level 1.9 Conjurations
 - Level 6.0 Hexes
 * Level 0.7 Summonings
 * Level 2.7 Ice Magic


You had one spell level left.
You knew the following spells:

 Your Spells              Type           Power        Failure   Level  Hunger
a - Corona                Hex            ###....      2%          1    N/A
b - Ensorcelled Hibernat  Hex/Ice        ###...       7%          2    N/A
c - Dazzling Spray        Conj/Hex       ##....       16%         3    N/A
d - Tukima's Dance        Hex            ###.....     7%          3    N/A
x - Call Imp              Summ           #.......     30%         2    N/A

Your spell library contained the following spells:

 Spells                   Type           Power        Failure   Level  Hunger
 Magic Dart               Conj           #...         12%         1    N/A
 Slow                     Hex            ###.....     3%          2    N/A
 Confuse                  Hex            ###.....     7%          3    N/A
 Blink                    Tloc           N/A          38%         2    N/A
 Conjure Flame            Conj/Fire      #.......     50%         3    N/A
 Mephitic Cloud           Conj/Pois/Air  #.......     54%         3    N/A

Dungeon Overview and Level Annotations

Branches:
Dungeon (5/15)
 Temple: D:4-7

Altars:
Yredelemnul
The Shining One


Innate Abilities, Weirdness & Mutations

You do not eat.
Your natural rate of healing is unusually fast.
You have razor-sharp teeth.
You have supernaturally acute eyesight. (SInv)
You can survive without breathing.


Message History

Unknown command.
The orc hits you with a +0 trident.
* * * LOW HITPOINT WARNING * * *
Things that are here:
a +0 dagger; a +0 robe Unknown command.
You slice the orc!!
You kill the orc!
Unknown command.
Casting: Dazzling Spray (safe; 16% risk of failure)
Confirm with . or Enter, or press ? or * to list all spells.
Aiming: Dazzling Spray (safe; 16% risk of failure)
Press: ? - help, Shift-Dir - straight line, f - orc wizard
Aim: an orc wizard, wielding a +0 dagger and wearing a +0 robe (heavily wounded, fast)
The spray of energy hits the orc wizard.
The orc wizard is severely wounded.
The orc wizard is dazzled.
The orc wizard casts a spell at you. The magic dart hits you.
You die...

#### ...# ...# #..# ##..#
##...# ##....# #[†.@.# #
#.).o.## # #####)....#
########### ##..###....#
##.....#...>
##!...###...###...........
#......##...##............
..........................
..........................
####......................


You could see an orc wizard (blind).

Vanquished Creatures
  3 crimson imps
  A centaur zombie (D:5)
  An orc priest (D:5)
  2 hounds
  3 orc wizards
  Natasha (thrice) (D:3)
  3 worker ants
  A hound skeleton (D:4)
  4 adders
  6 oozes
  A dart slug (D:3)
  3 worms (D:2)
  5 leopard geckos
  12 orcs
  A giant cockroach (D:1)
  6 goblins
  6 hobgoblins
  10 kobolds
  6 bats
  8 frilled lizards
  A goblin skeleton (D:4)
  2 goblin zombies (D:4)
  2 hobgoblin zombies (D:4)
  A kobold skeleton (D:4)
  A kobold zombie (D:4)
  An orc skeleton (D:4)
  6 rats
  A spectral orc (D:2)
100 creatures vanquished.

Vanquished Creatures (collateral kills)
  An orc (D:4)
1 creature vanquished.

Grand Total: 101 creatures vanquished

Notes
Turn   | Place    | Note
-------+----------+-------------------------------------------
     0 | D:1      | Ekaitz the Vampire Enchanter began the quest for the Orb.
     0 | D:1      | Reached XP level 1. HP: 13/13 MP: 3/3
   138 | D:1      | Reached skill level 5 in Hexes
   161 | D:1      | Reached XP level 2. HP: 19/19 MP: 5/5
   165 | D:1      | Learned a level 2 spell: Ensorcelled Hibernation
   446 | D:1      | Reached skill level 5 in Stealth
   647 | D:1      | Reached XP level 3. HP: 25/25 MP: 3/6
   652 | D:1      | Learned a level 3 spell: Dazzling Spray
  1082 | D:2      | Reached skill level 1 in Ice Magic
  1261 | D:2      | Reached skill level 1 in Fighting
  1289 | D:2      | Reached XP level 4. HP: 32/32 MP: 4/7
  1487 | D:2      | Found a basalt altar of Yredelemnul.
  1975 | D:3      | Noticed Natasha
  1977 | D:3      | Killed Natasha
  2117 | D:3      | Noticed Natasha
  2128 | D:3      | Killed Natasha
  2128 | D:3      | Reached XP level 5. HP: 37/37 MP: 2/8
  2414 | D:3      | Noticed Natasha
  2428 | D:3      | Killed Natasha
  2428 | D:3      | Reached skill level 1 in Conjurations
  2823 | D:4      | Learned a level 3 spell: Tukima's Dance
  2853 | D:4      | Found a glowing golden altar of the Shining One.
  3429 | D:4      | Reached XP level 6. HP: 44/44 MP: 10/10
  3901 | D:5      | Entered Level 5 of the Dungeon
  4004 | D:5      | Reached skill level 6 in Hexes
  4026 | D:5      | Learned a level 2 spell: Call Imp
  4147 | D:5      | Reached XP level 7. HP: 51/51 MP: 2/11
  4226 | D:5      | Got a brightly glowing scale mail
  4260 | D:5      | Reached skill level 1 in Armour
  4282 | D:5      | Killed from afar by an orc wizard

Levels and vault maps discovered:
D:1:      wheals_arrival_shading, layout_loops_ring, serial_glass,
          glass_columns_a, glass_columns_b, glass_columns_b, glass_columns_a
D:2:      layout_loops_ring, yredelemnul_forgotten_temple_becter
D:3:      layout_basic, uniq_natasha
D:4:      layout_loops_corners, nicolae_tso_besieged_by_evil, first_ration,
          hangedman_decor_slide_cut
D:5:      layout_rooms, chequers_temple_overflow_statue_of_worship,
          minmay_temple_entry_grid, serial_shops, nicolae_shop_trees,
          minivault_19

Skill      XL: |  1  2  3  4  5  6  7 |
---------------+----------------------+-----
Hexes          | 5 6 |  6.0
Stealth        | 5 |  5.0
Ice Magic      | 1 2 |  2.7
Fighting       | 1 2 |  2.5
Short Blades   | 2 |  2.9
Conjurations   | 1 |  1.9
Dodging        | 3 |  3.1
Spellcasting   | 3 |  3.0
Armour         | 1 |  1.0
Long Blades    | |  0.9
Summonings     | |  0.7

Action                   |  1- 3 |  4- 6 |  7- 9 || total
-------------------------+-------+-------+-------++-------
Melee: Dagger            |    87 |   288 |     4 ||   379
       Bite              |     5 |    30 |     5 ||    40
       Long sword        |       |    30 |    21 ||    51
 Cast: Corona            |     1 |       |       ||     1
       Ensorcelled Hiber |    13 |    41 |     1 ||    55
       Dazzling Spray    |     2 |    13 |     4 ||    19
       Tukima's Dance    |       |     1 |     1 ||     2
  Use: Potion            |       |       |     4 ||     4
 Stab: Sleeping          |    20 |    23 |     1 ||    44
       Distracted        |     2 |     1 |       ||     3
       Invisible         |       |     3 |     1 ||     4
Armor: Robe              |     4 |     2 |       ||     6
       Leather armour    |       |    64 |    21 ||    85
Dodge: Dodged            |    46 |   218 |    80 ||   344
       Rpst.: Long sword |       |     8 |    13 ||    21
